 Dungeon Crawl Stone Soup version 0.20-b1-2-gc5a9893 (webtiles) character file.

110 juanjsm the Sneak (level 4, -1/21 HPs)
             Began as a Spriggan Enchanter on May 21, 2017.
             Killed from afar by an orc wizard (2 damage)
             ... with a puff of frost
             ... on level 4 of the Dungeon on May 22, 2017.
             The game lasted 00:16:02 (2673 turns).

juanjsm the Sneak (Spriggan Enchanter)              Turns: 2673, Time: 00:16:02

Health: -1/21      AC:  2    Str:  4    XL:     4   Next: 61%
Magic:  1/10       EV: 20    Int: 17    God:
Gold:   182        SH:  0    Dex: 16    Spells: 4/10 levels left

rFire    . . .     SeeInvis +   a - +1 dagger
rCold    . . .     Gourm    .   (shield restricted)
rNeg     . . .     Faith    .   b - +0 robe
rPois    .         Spirit   .   (helmet restricted)
rElec    .         Reflect  .   (no cloak)
rCorr    .         Harm     .   (gloves unavailable)
MR       +....                  (boots unavailable)
Stlth    +++.......             (no amulet)
Regen    0.1/turn               w - +1 ring of evasion
MPRegen  0.2/turn               k - ring of protection from magic

@: very quick
A: unfitting armour, see invisible, herbivore 3, speed 3, slow metabolism 2
a: no special abilities


You were on level 4 of the Dungeon.
You were hungry.

You visited 1 branch of the dungeon, and saw 4 of its levels.

You collected 182 gold pieces.

Inventory:

Hand Weapons
 a - a +1 dagger (weapon)
 l - a +0 blowgun
 v - a +4 dagger
Missiles
 n - 23 poisoned needles
Armour
 b - a +0 robe (worn)
Jewellery
 k - a ring of protection from magic (right hand)
 w - a +1 ring of evasion (left hand)
Scrolls
 e - a scroll of remove curse
 i - a scroll of random uselessness {unknown}
 m - 4 scrolls of identify {unknown}
 p - a scroll of recharging {unknown}
 r - a scroll of magic mapping {unknown}
 t - a scroll of teleportation {unknown}
 u - a scroll of enchant weapon {unknown}
 x - a scroll of immolation {unknown}
 y - a scroll of enchant armour {unknown}
Potions
 g - 3 potions of haste {unknown}
 j - 2 potions of heal wounds {unknown}
 o - 2 potions of mutation {unknown}
 q - a potion of might {unknown}
 z - a potion of curing {unknown}
Books
 c - a book of Maledictions

   Spells                             Type                      Level
   a - Corona                         Hexes                        1
   b - Ensorcelled Hibernation        Hexes/Ice                    2
   c - Confuse                        Hexes                        3
   d - Tukima's Dance                 Hexes                        3
   e - Dazzling Spray                 Conjuration/Hexes            3
 h - a book of Cantrips

   Spells                             Type                      Level
   a - Confusing Touch                Hexes                        1
   b - Animate Skeleton               Necromancy                   1
   c - Summon Small Mammal            Summoning                    1
   d - Apportation                    Translocation                1
Comestibles
 d - 4 bread rations
 f - 3 royal jellies
 s - a fruit


   Skills:
 + Level 1.2 Short Blades
 + Level 3.5 Dodging
 + Level 5.6 Stealth
 + Level 3.5 Spellcasting
 + Level 4.7 Hexes
 + Level 1.1 Ice Magic


You had 4 spell levels left.
You knew the following spells:

 Your Spells              Type           Power        Failure   Level  Hunger
a - Corona                Hex            ###....      2%          1    None
b - Ensorcelled Hibernat  Hex/Ice        ##....       8%          2    ##.....
c - Confuse               Hex            ###.....     7%          3    ###....


Dungeon Overview and Level Annotations

Branches:
Dungeon (4/15)
 Temple: D:4-7

Altars:
Ashenzari
Cheibriados
Dithmenos
Kikubaaqudgha
Ru
Yredelemnul


Innate Abilities, Weirdness & Mutations

You are very small and have problems with some larger weapons.
You are too small for most types of armour.
You have supernaturally acute eyesight. (SInv)
You are a herbivore.
You cover ground extremely quickly.
You need consume almost no food.


Message History

The orc wizard barely misses you.
You hit the orc wizard.
The orc wizard is lightly wounded.
The orc wizard hits you but does no damage.
You hit the orc wizard but do no damage.
The orc wizard is lightly wounded.
The orc wizard misses you.
An orc comes into view. It is wielding a dagger.
You closely miss the orc wizard.
The orc wizard is lightly wounded.
The orc wizard hits you with a dagger.
* * * LOW HITPOINT WARNING * * *
You hit the orc wizard but do no damage.
The orc wizard is lightly wounded.
The orc wizard barely misses you.
You closely miss the orc wizard.
The orc wizard is lightly wounded.
The orc wizard points at you and mumbles some strange words.
The puff of frost hits you!
You die...

#...o#######.#
#####.#.o.........
#.........)<......
#.####.#.###.#####
#o# # ... ##.##
..... #...###.##
###?#. #.o$......
.# #.@.# . ##..# .
#..# #..# #..# #
#..# .#
#..#####.##
#..##.....#.#8
#...........#_


You could see an orc wizard and an orc.

Vanquished Creatures
  4 adders
  An ooze (D:1)
  A worm (D:3)
  2 dart slugs (D:2)
  4 orcs
  A ball python (D:2)
  2 giant cockroaches
  8 goblins
  9 hobgoblins
  4 kobolds
  A quokka (D:4)
  9 bats
  3 frilled lizards
  7 rats
56 creatures vanquished.

Notes
Turn   | Place    | Note
-------+----------+-------------------------------------------
     0 | D:1      | juanjsm the Spriggan Enchanter began the quest for the Orb.
     0 | D:1      | Reached XP level 1. HP: 9/9 MP: 5/5
   241 | D:1      | Reached XP level 2. HP: 3/13 MP: 6/6
   245 | D:1      | Learned a level 2 spell: Ensorcelled Hibernation
  1030 | D:2      | Reached XP level 3. HP: 16/16 MP: 8/8
  1035 | D:2      | Learned a level 3 spell: Confuse
  1035 | D:2      | Found a basalt altar of Yredelemnul.
  1156 | D:2      | Found a snail-covered altar of Cheibriados.
  1838 | D:2      | Reached skill level 5 in Stealth
  2128 | D:3      | Reached XP level 4. HP: 21/21 MP: 6/9
  2160 | D:3      | Found a shadowy altar of Dithmenos.
  2338 | D:3      | Reached skill level 1 in Ice Magic
  2651 | D:4      | Found a sacrificial altar of Ru.
  2651 | D:4      | Found a shattered altar of Ashenzari.
  2651 | D:4      | Found an ancient bone altar of Kikubaaqudgha.
  2671 | D:4      | HP: 1/21 [orc wizard/dagger (4)]
  2673 | D:4      | Killed from afar by an orc wizard

Skill      XL: |  1  2  3  4 |
---------------+-------------+-----
Hexes          | 4 |  4.7
Spellcasting   | 3 |  3.5
Stealth        | 5 |  5.6
Ice Magic      | 1 |  1.1
Short Blades   | |  1.2
Dodging        | |  3.5

Action                   |  1- 3 |  4- 6 || total
-------------------------+-------+-------++-------
Melee: Dagger            |    83 |    57 ||   140
 Cast: Corona            |    10 |       ||    10
       Ensorcelled Hiber |    31 |    19 ||    50
       Confuse           |       |     1 ||     1
  Use: Scroll            |       |     1 ||     1
 Stab: Sleeping          |    28 |    12 ||    40
       Distracted        |     1 |       ||     1
  Eat: Fruit             |       |     1 ||     1
Armor: Robe              |     5 |     2 ||     7
Dodge: Dodged            |    74 |    51 ||   125
